 Dungeon Crawl Stone Soup version 0.20.0-15-g7f486f2 (webtiles) character file.

109755 Klosterheim the Bludgeoner (level 16, 0/104 HPs)
             Began as a Gargoyle Berserker on June 7, 2017.
             Was the Champion of Trog.
             Slain by a very large slime creature (37 damage)
             ... on level 1 of the Swamp on June 11, 2017.
             The game lasted 00:53:16 (32529 turns).

Klosterheim the Bludgeoner (Gargoyle Berserker)    Turns: 32529, Time: 00:53:17

Health: 0/104      AC: 36    Str: 33    XL:     16   Next: 53%
Magic:  7/7        EV: 13    Int:  7    God:    Trog [******]
Gold:   1297       SH:  0    Dex: 17    Spells: 15/15 levels left

rFire    . . .     SeeInvis .   Q - +4 great mace (antimagic)
rCold    + . .     Gourm    +   (shield currently unavailable)
rNeg     + + .     Faith    .   y - +0 plate armour
rPois    ∞         Spirit   .   h - +2 helmet of the Dozen Stars {rN+ Dex+4}
rElec    +         Reflect  .   J - +1 cloak {+Inv}
rCorr    .         Harm     .   b - +0 pair of gloves {archery}
MR       +....                  I - +0 pair of boots
Stlth    ..........             A - amulet of the gourmand
Regen    0.3/turn               W - +6 ring of strength
MPRegen  0.1/turn               w - ring of the Serpent {rC+ Int-2 Dex+4 Stlth+}

@: flying
A: big wings, negative energy resistance 1, electricity resistance, unbreathing,
petrification resistance, rot immunity, AC +11
a: Stop Flying, Berserk, Trog's Hand, Brothers in Arms, Burn Spellbooks,
Renounce Religion, Evoke Invisibility


You were on level 1 of the Swamp.
You worshipped Trog.
Trog was exalted by your worship.
You were very full.

You visited 5 branches of the dungeon, and saw 25 of its levels.
You also visited: Ice Cave.

You collected 2848 gold pieces.
You spent 1551 gold pieces at shops.

Inventory:

Hand Weapons
 Q - a +4 antimagic great mace (weapon)
Armour
 b - a +0 pair of gloves of archery (worn)
 h - the +2 helmet of the Dozen Stars (worn) {rN+ Dex+4}
   (You bought it in a shop on level 14 of the Dungeon)

   It affects your dexterity (+4).
   It protects you from negative energy.
 y - a +0 plate armour (worn)
 I - a +0 pair of boots (worn)
 J - a +1 cloak of invisibility (worn)
Jewellery
 w - the ring of the Serpent (right hand) {rC+ Int-2 Dex+4 Stlth+}
   (You took it off an orc on level 7 of the Dungeon)

   [ring of stealth]

   It affects your intelligence (-2).
   It affects your dexterity (+4).
   It protects you from cold.
   It makes you more stealthy.
 A - an amulet of the gourmand (around neck)
 V - an uncursed ring of see invisible
 W - a +6 ring of strength (left hand)
Wands
 r - a wand of iceblast (9/15)
 H - a wand of scattershot (3/9)
Scrolls
 e - 3 scrolls of enchant weapon
 g - 15 scrolls of teleportation
 i - 7 scrolls of remove curse
 o - 2 scrolls of magic mapping
 q - 3 scrolls of fear
 u - 4 scrolls of recharging
 D - 4 scrolls of identify
 F - 2 scrolls of fog
 M - 4 scrolls of enchant armour
Potions
 a - 7 potions of lignification
 f - 3 potions of brilliance
 j - 2 potions of resistance
 k - 4 potions of agility
 n - 3 potions of haste
 p - a potion of invisibility
 s - 3 potions of cancellation
 v - 4 potions of might
 N - 2 potions of ambrosia
 S - a potion of curing
 U - 5 potions of mutation
Books
 T - a book of Callings

   Spells                             Type                      Level
   a - Summon Small Mammal            Summoning                    1
   b - Call Imp                       Summoning                    2
   c - Call Canine Familiar           Summoning                    3
   d - Summon Guardian Golem          Hexes/Summoning              3
   e - Summon Lightning Spire         Summoning/Air                4
   f - Summon Ice Beast               Ice/Summoning                4
   Trog disapproves of the use of such an item.
Miscellaneous
 t - a fan of gales
 G - a phial of floods
Comestibles
 c - 16 bread rations
 l - 11 royal jellies
 m - 9 meat rations
 O - 27 fruits


   Skills:
 + Level 13.2 Fighting
 * Level 20.0 Maces & Flails
 - Level 12.0 Armour
 - Level 7.0 Dodging
 + Level 8.1 Evocations


You had 15 spell levels left.
You didn't know any spells.

Dungeon Overview and Level Annotations

Branches:
Dungeon (15/15)            Temple (1/1) D:4            Lair (6/6) D:11
  Swamp (1/4) Lair:3        Snake (0/4) Lair:2        Slime (0/5) Lair:5
    Orc (2/2) D:10            Elf (0/3) Orc:2        Vaults (0/5) D:13
 Depths (0/5) D:15

Altars:
Ashenzari
Dithmenos
Elyvilon
Fedhas
Gozag
Kikubaaqudgha
Nemelex Xobeh
Sif Muna
Trog
Uskayaw
Vehumet
The Shining One
Beogh
Jiyva

Shops:
D:4 !   D:8 %   D:9 :%   D:10 [   D:11 *   D:13 [   D:14 [   Orc:2 !*%?


Innate Abilities, Weirdness & Mutations

You are resistant to torment.
Your stone body is resilient. (AC +11)
You are immune to poison.
Your large and strong wings let you fly indefinitely.
You resist negative energy. (rN+)
You are resistant to electric shocks. (rElec)
You can survive without breathing.
You are immune to petrification.
You are immune to rotting.


Message History

The vampire mosquito misses you.
The vampire mosquito bites you but does no damage.
You sock the very large slime creature!
The very large slime creature is lightly wounded.
The very large slime creature barely misses you.
You hit the very large slime creature.
The very large slime creature is lightly wounded.
The vampire mosquito bites you. The very large slime creature hits you!
The tyrant leech closely misses you.
You bludgeon the very large slime creature!!
The very large slime creature is moderately wounded.
The vampire mosquito bites you but does no damage.
The large slime creature hits you!!
Two slime creatures merge to form a very large slime creature.
Unknown command.
You bludgeon the very large slime creature!!
The very large slime creature is heavily wounded.
The vampire mosquito completely misses you.
The very large slime creature hits you!!!
You die...

.......♣≈..
♣.≈.≈.≈≈..≈♣
§.≈...≈≈≈≈≈
♣§...≈≈....
♣.≈≈≈.≈≈≈♣.
♣y≈≈≈≈≈....
♣wJy≈%..≈.≈
♣@yy.≈≈≈≈.≈
♣♣Jy≈..≈≈..
♣.≈≈≈≈≈≈≈.
♣≈≈♣♣≈≈≈≈≈
♣≈.. §≈≈≈
...≈≈ ≈≈≈
.≈≈...≈ ..
$≈≈≈≈.≈. ≈
...≈≈≈.≈≈≈


You could see a tyrant leech, 2 very large slime creatures and 5 vampire
mosquitoes.

Vanquished Creatures
  The ghost of greprep the Carver, a journeyman MiFi of Qazlal (Orc:2)
  A yaktaur captain (D:15)
  3 ice dragons
  The ghost of Gorglomux the Basher, a journeyman FoWz of Okawaru (D:13)
  3 centaur warriors
  7 hydras
  12 two-headed ogres
  5 orc high priests (Orc:2)
  2 ogre magi (D:15)
  A tengu warrior (D:12)
  A death yak (Lair:3)
  5 skeletal warriors (D:15)
  An iron troll (D:13)
  3 unseen horrors
  A deep troll (D:15)
  The ghost of CrazyArbalest the Quickloader, a novice KoHu (D:6)
  10 orc knights
  A wolf spider zombie (D:15)
  A deep elf mage (D:14)
  2 cyclopes (D:15)
  2 manticores (D:10)
  14 ugly things
  An elephant (Lair:4)
  An orc sorcerer (Orc:2)
  6 black mambas
  3 centaur zombies
  7 molten gargoyles
  A spiny frog (shapeshifter) (D:15)
  2 torpor snails
  2 ice statues (IceCv)
  2 gargoyles (D:15)
  20 spiny frogs
  3 freezing wraiths
  2 rime drakes (IceCv)
  A yaktaur (D:15)
  2 efreet (D:10)
  11 komodo dragons
  13 trolls
  A hornet (D:10)
  10 slime creatures
  5 tyrant leeches (Lair:6)
  2 dream sheep (D:10)
  24 blink frogs
  5 hippogriffs
  A wyvern (Lair:2)
  Sigmund (D:5)
  53 yaks
  4 wraiths
  3 basilisks
  3 hungry ghosts
  14 vampire mosquitoes
  A steam dragon (D:13)
  14 wargs (D:7)
  3 insubstantial wisps (Swamp:1)
  An acid dragon (shapeshifter) (D:14)
  2 acid dragons
  4 nagas (Lair:2)
  A floating eye (shapeshifter) (D:10)
  11 water moccasins
  8 porcupines
  43 orc warriors
  21 ice beasts
  4 black bears
  3 sky beasts
  6 necrophages (Lair:3)
  3 phantoms
  A hornet zombie (D:14)
  8 ogres
  4 wolves (Lair:3)
  10 centaurs
  8 crocodiles
  3 big kobolds (D:10)
  Blork the orc (D:3)
  28 bullfrogs
  A wyvern zombie (D:10)
  2 wyvern skeletons
  3 scorpions
  6 killer bees
  12 wights
  3 howler monkeys (D:12)
  4 crimson imps
  2 bullfrog zombies
  5 lava snakes (Lair:3)
  A quasit (D:10)
  9 hounds
  5 jellies
  3 centaur skeletons
  33 orc priests
  22 orc wizards
  4 bullfrog skeletons
  5 iguanas
  16 worker ants
  A hound skeleton (D:6)
  A howler monkey zombie (D:8)
  A worker ant zombie (D:3)
  9 gnolls
  12 adders
  6 shadow imps
  3 oozes
  An adder skeleton (D:7)
  A worm (D:2)
  4 dart slugs
  6 leopard geckos
  111 orcs
  7 giant cockroaches
  10 goblins
  5 hobgoblins
  7 jackals
  5 quokkas
  A ball python (D:4)
  6 bats
  6 frilled lizards
  5 kobolds
  A leopard gecko zombie (D:7)
  A quokka skeleton (D:5)
  3 rats
818 creatures vanquished.

Vanquished Creatures (collateral kills)
  2 acid blobs (Lair:5)
  The ghost of Setanta the Spear-Bearer, a journeyman GrFi of Trog (Lair:4)
  2 hydras
  Sonja (Lair:3)
  2 elephants (Lair:4)
  A centaur zombie (D:13)
  A troll (Orc:2)
  A blink frog (Lair:6)
  A hungry ghost (D:13)
  2 orc warriors
  2 killer bees (D:13)
  A jelly (D:13)
  2 orc priests
  4 orcs
23 creatures vanquished.

Vanquished Creatures (others)
  A jelly (D:11)
  22 fungi
  51 plants
74 creatures vanquished.

Grand Total: 915 creatures vanquished

Notes
Turn   | Place    | Note
-------+----------+-------------------------------------------
     0 | D:1      | Klosterheim the Gargoyle Berserker began the quest for the Orb.
     0 | D:1      | Reached XP level 1. HP: 14/14 MP: 1/1
   235 | D:1      | Reached XP level 2. HP: 18/19 MP: 2/2
   313 | D:1      | You fall through a shaft!
   474 | D:2      | Reached XP level 3. HP: 3/24 MP: 3/3
   888 | D:1      | Reached skill level 4 in Maces & Flails
  1585 | D:2      | Reached ** piety under Trog
  1632 | D:2      | Reached XP level 4. HP: 14/29 MP: 4/4
  1983 | D:2      | Found a glowing golden altar of the Shining One.
  2510 | D:3      | Found a hide-covered altar of Uskayaw.
  2965 | D:3      | Reached XP level 5. HP: 32/33 MP: 5/5
  3082 | D:3      | Reached skill level 5 in Maces & Flails
  3159 | D:4      | Noticed Blork the orc
  3193 | D:4      | HP: 1/34 [something/puff of frost (3)]
  3206 | D:3      | Killed Blork the orc
  3206 | D:3      | Reached XP level 6. HP: 32/39 MP: 6/6
  3465 | D:4      | Noticed an orc warrior
  3874 | D:4      | Noticed a hippogriff
  3892 | D:3      | Reached skill level 5 in Fighting
  3905 | D:4      | Killed a hippogriff
  3905 | D:4      | Reached skill level 6 in Maces & Flails
  3905 | D:4      | Reached XP level 7. HP: 44/44 MP: 7/7
  4204 | D:4      | Found Iluggawk's Distillery.
  4220 | D:4      | Reached skill level 7 in Maces & Flails
  4245 | D:4      | Bought a potion of lignification for 30 gold pieces
  4245 | D:4      | Bought a potion of heal wounds for 50 gold pieces
  4245 | D:4      | Bought a potion of might for 40 gold pieces
  4245 | D:4      | Bought a potion of haste for 100 gold pieces
  4336 | D:4      | Found a staircase to the Ecumenical Temple.
  4493 | D:4      | Reached *** piety under Trog
  4630 | Temple   | Entered the Ecumenical Temple
  5158 | D:4      | Reached XP level 8. HP: 51/51 MP: 8/8
  5205 | D:4      | Reached skill level 8 in Maces & Flails
  5304 | D:5      | Entered Level 5 of the Dungeon
  5364 | D:5      | Noticed Sigmund
  5370 | D:5      | Killed Sigmund
  5962 | D:5      | Reached skill level 9 in Maces & Flails
  6304 | D:6      | Reached XP level 9. HP: 40/57 MP: 9/9
  6422 | D:6      | Noticed CrazyArbalest's ghost (novice KoHu)
  6464 | D:6      | Killed CrazyArbalest's ghost
  6464 | D:6      | Reached skill level 10 in Maces & Flails
  6962 | D:7      | Reached skill level 5 in Armour
  6966 | D:7      | Reached skill level 11 in Maces & Flails
  6971 | D:7      | Reached **** piety under Trog
  7419 | D:7      | Reached XP level 10. HP: 53/63 MP: 10/10
  7609 | D:7      | Reached skill level 12 in Maces & Flails
  7685 | D:7      | Noticed an orc knight
  7697 | D:7      | Killed an orc knight
  7866 | D:7      | Noticed an orc knight
  7883 | D:7      | Killed an orc knight
  7976 | D:7      | Noticed an orc knight
  7999 | D:7      | Killed an orc knight
  7999 | D:7      | Reached skill level 13 in Maces & Flails
  8300 | D:7      | Found a blossoming altar of Fedhas.
  8346 | D:7      | Got a smoking golden ring
  8463 | D:7      | Reached XP level 11. HP: 45/67 MP: 11/11
  9205 | D:8      | Reached ***** piety under Trog
  9223 | D:8      | Found Xakhlovuepp's Food Boutique.
  9453 | D:8      | Found an opulent altar of Gozag.
  9454 | D:8      | Found a deep blue altar of Sif Muna.
  9783 | D:9      | Found Qucux's Book Boutique.
  9821 | D:9      | Got a steaming hat
  9824 | D:9      | Identified the cursed +0 hat of Mefife {Slay+2} (You found it on level 9 of the Dungeon)
  9836 | D:9      | Identified the ring of the Serpent {rC+ Int-2 Dex+4 Stlth+} (You took it off an orc on level 7 of the Dungeon)
  9853 | D:9      | Found Kasirphi's Food Boutique.
  9932 | D:9      | Noticed a two-headed ogre
  9937 | D:9      | Killed a two-headed ogre
  9937 | D:9      | Reached skill level 14 in Maces & Flails
 10220 | D:10     | Entered Level 10 of the Dungeon
 10344 | D:10     | Killed an unseen horror
 10655 | D:10     | Found a shadowy altar of Dithmenos.
 10840 | D:10     | Noticed a three-headed hydra
 10848 | D:10     | Killed a three-headed hydra
 10886 | D:10     | Found Xuthrecwu's Antique Armour Shop.
 10952 | D:10     | Found a roughly hewn altar of Beogh.
 10952 | D:10     | Found a staircase to the Orcish Mines.
 11425 | D:10     | Noticed an orc knight
 11596 | D:9      | Received a gift from Trog
 11814 | D:9      | Killed an orc knight
 11814 | D:9      | Reached skill level 10 in Armour
 12097 | D:10     | Reached skill level 15 in Maces & Flails
 12151 | D:10     | Reached XP level 12. HP: 60/72 MP: 12/12
 12154 | D:10     | Identified a scroll of acquirement
 12377 | D:10     | HP: 2/72 [troll (10)]
 12461 | D:10     | Paralysed by a floating eye for 4 turns
 13289 | D:10     | Upgraded the game from 0.20.0-10-g0535bb4 to 0.20.0-14-g326068f
 13449 | D:10     | Upgraded the game from 0.20.0-14-g326068f to 0.20.0-15-g7f486f2
 13836 | D:11     | Received a gift from Trog
 14040 | D:11     | Found a staircase to the Lair.
 14074 | D:11     | Found Haova's General Store.
 14089 | D:11     | Reached skill level 16 in Maces & Flails
 14571 | D:12     | Noticed a two-headed ogre
 14572 | D:12     | Found a glowing golden altar of the Shining One.
 14577 | D:12     | Killed a two-headed ogre
 14692 | D:12     | Noticed a centaur warrior
 14703 | D:12     | Killed a centaur warrior
 14737 | D:12     | Noticed a two-headed ogre
 14744 | D:12     | Killed a two-headed ogre
 14745 | D:12     | Noticed a tengu warrior
 14761 | D:12     | Killed a tengu warrior
 14941 | D:12     | Reached XP level 13. HP: 78/80 MP: 13/13
 15470 | D:13     | Reached skill level 17 in Maces & Flails
 15575 | D:13     | Noticed Gorglomux's ghost (journeyman FoWz)
 15588 | D:13     | Killed Gorglomux's ghost
 15647 | D:13     | Found Jeinocod's Antique Armour Shop.
 15662 | D:13     | Bought a runed helmet for 225 gold pieces
 15914 | D:13     | Reached ****** piety under Trog
 15914 | D:13     | Received a gift from Trog
 16009 | D:13     | Reached skill level 10 in Fighting
 16230 | D:13     | Found a shattered altar of Ashenzari.
 16958 | D:13     | Noticed an ice dragon
 16974 | D:13     | Killed an ice dragon
 17032 | D:13     | Found a gate to the Vaults.
 17225 | Lair:1   | Entered Level 1 of the Lair of Beasts
 17240 | Lair:1   | Found a dark tunnel.
 17380 | Lair:1   | Found a frozen archway.
 17399 | IceCv    | Entered an ice cave
 17596 | IceCv    | Noticed an ice dragon
 17597 | IceCv    | Noticed an ice dragon
 17614 | IceCv    | Killed an ice dragon
 17614 | IceCv    | Reached skill level 18 in Maces & Flails
 17674 | IceCv    | Killed an ice dragon
 19230 | Lair:2   | Found a staircase to the Snake Pit.
 19255 | Lair:2   | Gained mutation: Your large and strong wings let you fly indefinitely. [Gargoyle growth]
 19255 | Lair:2   | Reached XP level 14. HP: 90/90 MP: 14/14
 19990 | Lair:3   | Reached skill level 1 in Evocations
 20524 | Lair:3   | Found a staircase to the Swamp.
 20728 | Lair:3   | Noticed Sonja
 20741 | Lair:3   | Killed Sonja
 20857 | Lair:3   | Received a gift from Trog
 21062 | Lair:3   | You are sucked into a shaft!
 21074 | Lair:4   | Noticed Setanta's ghost (journeyman GrFi)
 21100 | Lair:4   | Killed Setanta's ghost
 21102 | Lair:4   | Reached skill level 5 in Evocations
 21862 | Lair:4   | Found a runed door.
 23773 | Lair:5   | Found a runed door.
 23937 | Lair:5   | Found a viscous altar of Jiyva.
 23938 | Lair:5   | Noticed an acid blob
 23938 | Lair:5   | Noticed an acid blob
 23939 | Lair:5   | Found a staircase to the Slime Pits.
 24307 | Lair:5   | Killed an acid blob
 24311 | Lair:5   | Killed an acid blob
 24524 | Lair:6   | Entered Level 6 of the Lair of Beasts
 24731 | Lair:5   | Reached XP level 15. HP: 23/95 MP: 20/20
 25047 | Lair:6   | Reached skill level 5 in Dodging
 25343 | Lair:6   | Received a gift from Trog
 25584 | Lair:6   | Received a gift from Trog
 26453 | Orc:1    | Entered Level 1 of the Orcish Mines
 26453 | Orc:1    | Found a bloodstained altar of Trog.
 26848 | Orc:2    | Entered Level 2 of the Orcish Mines
 26848 | Orc:2    | Found a radiant altar of Vehumet.
 27354 | Orc:2    | Noticed greprep's ghost (journeyman MiFi)
 27390 | Orc:2    | Killed greprep's ghost
 28201 | Orc:2    | Found a staircase to the Elven Halls.
 28532 | Orc:2    | Received a gift from Trog
 28631 | Orc:2    | Reached skill level 19 in Maces & Flails
 28710 | Orc:2    | Found Myir's Distillery.
 28713 | Orc:2    | Found Ludgh's Food Shop.
 28714 | Orc:2    | Found Nusyllel's Magic Scroll Boutique.
 28715 | Orc:2    | Found Ycunneat's General Store.
 28722 | Orc:2    | Bought a potion of lignification for 36 gold pieces
 28722 | Orc:2    | Bought a potion of lignification for 36 gold pieces
 28722 | Orc:2    | Bought a potion of haste for 120 gold pieces
 28726 | Orc:2    | Bought a scroll of identify for 26 gold pieces
 28726 | Orc:2    | Bought 3 scrolls of teleportation for 117 gold pieces
 28726 | Orc:2    | Bought a scroll of teleportation for 39 gold pieces
 28726 | Orc:2    | Bought a scroll of teleportation for 39 gold pieces
 28726 | Orc:2    | Bought a scroll of enchant armour for 97 gold pieces
 28729 | Orc:2    | Bought a potion of resistance for 170 gold pieces
 28729 | Orc:2    | Bought a potion of haste for 170 gold pieces
 29356 | D:14     | Found Yplicitt's Antique Armour Emporium.
 29372 | D:14     | Bought a steaming helmet for 256 gold pieces
 29382 | D:14     | Identified the +2 helmet of the Dozen Stars {rN+ Dex+4} (You bought it in a shop on level 14 of the Dungeon)
 30005 | D:14     | Found a shadowy altar of Dithmenos.
 30504 | D:14     | Reached XP level 16. HP: 95/103 MP: 7/21
 30616 | D:15     | Entered Level 15 of the Dungeon
 30798 | D:15     | Found a staircase to the Depths.
 31875 | D:15     | Received a gift from Trog
 31882 | D:15     | Reached skill level 20 in Maces & Flails
 32504 | Swamp:1  | Entered Level 1 of the Swamp
 32529 | Swamp:1  | Slain by a very large slime creature

Skill      XL: |  1  2  3  4  5  6  7  8  9 10 11 12 13 14 15 16 |
---------------+-------------------------------------------------+-----
Maces & Flails | 4 5 6 7 9 11 13 15 16 18 19 20 | 20.0
Fighting       | 4 5 6 7 9 11 12 13 | 13.2
Armour         | 3 6 8 10 11 12 | 12.0
Evocations     | 7 8 |  8.1
Dodging        | 4 7 |  7.0

Action                   |  1- 3 |  4- 6 |  7- 9 | 10-12 | 13-15 | 16-18 || total
-------------------------+-------+-------+-------+-------+-------+-------++-------
Melee: Mace              |   110 |   228 |    57 |       |       |       ||   395
       Flail             |       |       |   324 |    58 |       |       ||   382
       Dire flail        |       |       |       |   879 |  1264 |       ||  2143
       Great mace        |       |       |       |       |   448 |   263 ||   711
Invok: Berserk           |     1 |     1 |     7 |    12 |    19 |     2 ||    42
       Burn Spellbooks   |       |       |     1 |     2 |     1 |       ||     4
       Trog's Hand       |       |       |     2 |     5 |     1 |       ||     8
       Brothers in Arms  |       |       |       |       |     7 |     1 ||     8
 Abil: Fly               |       |       |       |       |     1 |       ||     1
Evoke: Wand              |       |     1 |       |       |     1 |       ||     2
  Use: Potion            |       |     3 |       |     2 |     5 |       ||    10
       Scroll            |       |       |    13 |    11 |    15 |       ||    39
 Stab: Sleeping          |     1 |       |       |       |       |       ||     1
       Invisible         |       |       |       |       |     1 |       ||     1
  Eat: Chunk             |     2 |     9 |    29 |    48 |    79 |    11 ||   178
       Fruit             |       |       |     1 |       |       |       ||     1
Armor: Animal skin       |    35 |    21 |       |       |       |       ||    56
       Plate armour      |       |    93 |   307 |   612 |  1001 |   185 ||  2198
       Ring mail         |       |    24 |       |       |       |       ||    24
       Scale mail        |       |     3 |       |       |       |       ||     3
Dodge: Dodged            |    79 |   125 |   152 |   269 |   615 |   195 ||  1435
       Deflected         |       |       |       |     2 |     6 |       ||     8
